 Dungeon Crawl Stone Soup version 0.26.1-10-gdfb7c7de75 (webtiles) character file.

Game seed: 10999104647606706208

26 nicknak712 the Skirmisher (level 2, -2/36 HPs)
             Began as a Demonspawn Berserker on Apr 6, 2021.
             Was a Follower of Trog.
             Slain by a gnoll
             ... wielding a +0 spear
              (5 damage)
             ... on level 2 of the Dungeon on Apr 7, 2021.
             The game lasted 00:04:20 (1401 turns).

nicknak712 the Skirmisher (Demonspawn Berserker)    Turns: 1401, Time: 00:04:21

Health: -2/36      AC:  5    Str: 17    XL:     2   Next: 89%
Magic:  2/2        EV: 12    Int:  8    God:    Trog [*.....]
Gold:   43         SH:  0    Dex: 12    Spells: 1/1 levels left

rFire    . . .     SeeInvis .   a - +0 falchion
rCold    . . .     Faith    .   (no shield)
rNeg     . . .     Spirit   .   c - +0 leather armour
rPois    .         Reflect  .   (no helmet)
rElec    .         Harm     .   (no cloak)
rCorr    .         Rampage  .   h - +0 pair of gloves
Will     .....                  (no boots)
Stlth    ..........             (no amulet)
HPRegen  0.12/turn              (no ring)
MPRegen  0.08/turn              (no ring)

@: berserking, very quick
A: sharp scales 1
a: Renounce Religion, Berserk


You were on level 2 of the Dungeon.
You worshipped Trog.
Trog was aware of your devotion.
You visited 1 branch of the dungeon, and saw 2 of its levels.

You collected 43 gold pieces.

Inventory:

Hand Weapons
 a - a +0 falchion (weapon)
Missiles
 d - 22 poisoned darts
 e - 7 stones
Armour
 b - a +0 animal skin
 c - a +0 leather armour (worn)
 h - a +0 pair of gloves (worn)
Scrolls
 f - a scroll of random uselessness {unknown}
 g - 4 scrolls of identify {unknown}
 j - a scroll of magic mapping {unknown}
Potions
 i - a potion of cancellation {unknown}


   Skills:
 + Level 3.3 Fighting
 + Level 3.1 Long Blades
 + Level 1.9 Armour
 + Level 2.2 Dodging


You had one spell level left.
You didn't know any spells.
Your spell library was empty.

Dungeon Overview and Level Annotations

Branches:
Dungeon (2/15)

Altars:

Annotations:
D:2 Sigmund


Innate Abilities, Weirdness & Mutations

You are partially covered in razor-sharp scales. (AC +1, Slay +1)


Message History

Trog accepts your kill. The rat bites you but does no damage.
The worm bites you.
You barely miss the rat.
The gnoll hits you from afar with a +0 halberd!
* * * LOW HITPOINT WARNING * * *
The rat misses you.
You riposte.
You hit the rat.
You kill the rat!
Trog accepts your kill.
Sigmund the Dreaded comes into view.
He is wielding a +0 scythe.
The worm bites you.
* * * LOW HITPOINT WARNING * * *
The gnoll closely misses you.
You closely miss the gnoll. The gnoll closely misses you.
The gnoll hits you with a +0 whip.
* * * LOW HITPOINT WARNING * * *
You slash the worm!
You kill the worm!
Trog accepts your kill. The gnoll hits you with a +0 spear.
You die...

#.... #..$@(.
##...... .
...... ..
#####...#####...
#...#..>........
#..?.(.gg.....
#....†@gg.....
#.....†g.....# #
#...(........#
#.#............#
#..<...........#
##############.#
#


You could see Sigmund, 4 gnolls and a hobgoblin.

Vanquished Creatures
  A worm (D:2)
  A dart slug (D:1)
  2 bats (D:1)
  A giant cockroach (D:1)
  4 goblins (D:1)
  2 hobgoblins (D:1)
  4 jackals (D:1)
  A kobold (D:1)
  A ball python (D:1)
  3 frilled lizards (D:1)
  2 rats (D:2)
22 creatures vanquished.

Notes
Turn   | Place    | Note
-------+----------+-------------------------------------------
     0 | D:1      | nicknak712 the Demonspawn Berserker began the quest for the
                  | Orb.
     0 | D:1      | Reached XP level 1. HP: 18/18 MP: 1/1
   441 | D:1      | Gained mutation: You are partially covered in razor-sharp
                  | scales. (AC +1, Slay +1) [demonic ancestry]
   441 | D:1      | Reached XP level 2. HP: 22/24 MP: 2/2
  1399 | D:2      | Noticed Sigmund
  1401 | D:2      | Slain by a gnoll

Illustrated notes

Levels and vault maps discovered:
D:1:      scummos_arrival_gate, layout_loops_corners, minivault_27
D:2:      layout_basic, chequers_ecumenical_altar_island, minmay_curled_crystal,
          uniq_jessica, uniq_sigmund

Skill      XL: |  1  2 |
---------------+-------+-----
Dodging        | 2 |  2.2
Long Blades    | 3 |  3.1
Fighting       | |  3.3
Armour         | |  1.9

Action                   || total
-------------------------++-------
Melee: Falchion          ||    62
Invok: Berserk           ||     1
Armor: Animal skin       ||    15
       Leather armour    ||    22
Dodge: Dodged            ||    69
       Rpst.: Falchion   ||    26
